 Dungeon Crawl Stone Soup version 0.28.0-45-g0d030f2227 (webtiles) character file.

Game seed: 10682879141591328305

102 zeratav the Insei (level 4, -1/29 HPs)
             Began as an Octopode Transmuter on Apr 9, 2022.
             Slain by Natasha (8 damage)
             ... on level 2 of the Dungeon.
             The game lasted 00:03:15 (1804 turns).

zeratav the Insei (Octopode Transmuter)             Turns: 1804, Time: 00:03:15

Health: -1/29      AC:  0    Str: 11    XL:     4   Next: 77%
Magic:  7/7        EV: 14    Int: 15    God:
Gold:   112        SH:  0    Dex: 12    Spells: 6/7 levels left

rFire   . . .      SeeInvis .     - Unarmed
rCold   . . .      Faith    .   (shield currently unavailable)
rNeg    . . .      Spirit   .   (helmet currently unavailable)
rPois   .          Reflect  .   (no amulet)
rElec   .          Harm     .   (ring currently unavailable)
rCorr   .          Rampage  .   (ring currently unavailable)
Will    .....                   (ring currently unavailable)
Stlth   ++........              (ring currently unavailable)
HPRegen 0.09/turn               (ring currently unavailable)
MPRegen 0.10/turn               (ring currently unavailable)
                                (ring currently unavailable)
                                (ring currently unavailable)

@: pig-form, slowed
A: fast, no casting, almost no armour, (amphibious), (8 rings), small,
(camouflage 1), (gelatinous body 1), (nimble swimmer 1), (tentacles)
a: no special abilities


You were on level 2 of the Dungeon.
You were a filthy swine.
You visited 1 branch of the dungeon, and saw 2 of its levels.

You collected 112 gold pieces.


Innate Abilities, Weirdness & Mutations

You are a filthy swine.
You move quickly.
Your equipment is almost entirely melded.
You are incapable of wielding weapons or throwing items.
You cannot cast spells.
You cannot wear most types of armour.
((You are amphibious.))
((You can wear up to eight rings at the same time.))
((Your skin changes colour to match your surroundings (Stealth+).))
((Your rubbery body absorbs attacks. (AC +1, EV +1)))
((You are camouflaged when in or above water. (Stealth+)))
((You have tentacles for arms and can constrict up to eight enemies at once.))


   Skills:
 + Level 2.1 Fighting
 + Level 2.7 Dodging
 + Level 2.4 Stealth
 * Level 4.0 Unarmed Combat
 - Level 2.0 Spellcasting
 - Level 2.0 Transmutations


You had 6 spell levels left.
You knew the following spells:

 Your Spells              Type           Power      Damage    Failure   Level
a - Beastly Appendage     Tmut           14%        N/A       10%         1

Your spell library contained the following spells:

 Spells                   Type           Power      Damage    Failure   Level
 Wereblood                Tmut           7%         N/A       14%         2
 Spider Form              Tmut/Pois      4%         N/A       41%         3
 Ice Form                 Ice/Tmut       4%         N/A       82%         4

Inventory:

Hand Weapons
 b - a +2 hunting sling of freezing (melded) {sling}
   (You found it on level 1 of the Dungeon)
Missiles
 c - 45 stones {throwing}
 g - 10 sling bullets
Jewellery
 f - an amulet of faith {!P}
   (You found it on level 2 of the Dungeon)
Scrolls
 a - a scroll of teleportation {unknown}
 e - a scroll of enchant armour {unknown}
 l - a scroll of identify {unknown}
 m - a scroll of fear {unknown}
Potions
 d - 2 potions of brilliance {unknown}
 h - 2 potions of heal wounds {unknown}
 i - a potion of curing {unknown}
 j - a potion of cancellation {unknown}
 k - 2 potions of invisibility {unknown}

Dungeon Overview and Level Annotations

Branches:
Dungeon (2/15)

Altars:
Hepliaklqana

Shops:
D:2 (

Annotations:
D:2 Natasha

#...# #.###.<........#
#. #...#
###.#.....####### #.
#...# #.........## #.
####...###.##.<.....## .
##
............(((......##.
........................
#
.....................##.
# ####...###.....h..>.##
# #...# #######h..## #
###...### ##.## #
#.......# #(######
###### ##.#...#.#
#......#####.....
#.......>#
######.......####
#..#.....# #########
#..####..####
#...........#
#..####.###.####


You could see Natasha.


Message History

No target in view!
No target in view!
No target in view!
l - a scroll labelled GEOQOC GURHO
g - 19 sling bullets (gained 1)
Things that are here:
a +0 dagger {short}; a goblin corpse
m - a scroll labelled EFIENA VUXEX You see here a +0 robe.
There is a stone staircase leading down here.
A dart slug comes into view.
You shoot a sling bullet. The sling bullet hits the dart slug.
The sling bullet freezes the dart slug.
No target in view!
No target in view!
No target in view!
You shoot a sling bullet. The sling bullet hits the dart slug.
The sling bullet freezes the dart slug.
You shoot a sling bullet. The sling bullet hits the dart slug.
The sling bullet freezes the dart slug.
The dart slug launches a dart at you. The slug dart hits you.
HP[-1]
You take 1 damage, and now have 28/29 hp.
You shoot a sling bullet. The sling bullet hits the dart slug!
The sling bullet freezes the dart slug.
You kill the dart slug!
Your Fighting skill increases to level 2!
g - 18 sling bullets (gained 3)
g - 19 sling bullets (gained 1)
Found a stone staircase leading up.
HP[+1]
Your hp is fully restored (29).
Natasha, Servant of Life and Death comes into view.
You shoot a sling bullet.
The sling bullet closely misses Natasha.
Natasha hisses angrily.
Natasha mumbles some strange words.
You shoot a sling bullet.
The sling bullet closely misses Natasha.
Natasha casts a spell at you.
You feel yourself slow down.
You shoot a sling bullet. The sling bullet hits Natasha.
The sling bullet freezes Natasha.
You shoot a sling bullet. The sling bullet hits Natasha.
The sling bullet freezes Natasha.
Natasha closely misses you. Natasha claws you!
HP[-8]
You take 8 damage, and now have 21/29 hp.
MASSIVE DAMAGE!! (PAUSE)
You shoot a sling bullet.
The sling bullet completely misses Natasha.
Natasha claws you!
* * * LOW HITPOINT WARNING * * *
Natasha closely misses you.
HP[-9]
You take 9 damage, and now have 12/29 hp.
MASSIVE DAMAGE!! (PAUSE)
You shoot a sling bullet. The sling bullet hits Natasha!
The sling bullet freezes Natasha.
You kill Natasha!
Natasha growls in agony!
The crimson imp disappears in a puff of smoke!
Your Unarmed Combat skill increases to level 4!
You feel yourself speed up.
Natasha, Servant of Life and Death comes into view.
She is carrying a wand of polymorph (10).
HP[+4]
You regained 4 hp, and now have 16/29 hp.
You shoot a sling bullet.
The sling bullet closely misses Natasha.
No target in view!
No target in view!
No target in view!
No target in view!
No target in view!
No target in view!
No target in view!
Natasha is nearby!
You shoot a sling bullet.
The sling bullet closely misses Natasha.
You shoot a sling bullet. The sling bullet hits Natasha!
The sling bullet freezes Natasha.
Natasha zaps a wand.
You turn into a filthy swine.
Your +2 hunting sling of freezing {sling} melds into your body.
Your +2 hunting sling of freezing {sling} stops glowing.
Natasha casts a spell at you.
You feel yourself slow down.
You see here 3 sling bullets.
Natasha casts a spell at you. The magic dart hits you!
* * * LOW HITPOINT WARNING * * *
HP[-9]
You take 9 damage, and now have 7/29 hp.
MASSIVE DAMAGE!! (PAUSE) Natasha growls.
Natasha barely misses you.
You see here a sling bullet.
You closely miss Natasha. Natasha claws you!
You die...

Skill      XL: |  1  2  3  4 |
---------------+-------------+-----
Stealth        | 1 2 |  2.4
Fighting       | 2 |  2.1
Unarmed Combat | 4 |  4.0
Dodging        | |  2.7
Spellcasting   | |  2.0
Transmutations | |  2.0

Action                   |  1- 3 |  4- 6 || total
-------------------------+-------+-------++-------
Melee: Unarmed           |    23 |     1 ||    24
       Kick              |     7 |       ||     7
       Constrict         |     6 |       ||     6
       Tentacles         |     5 |       ||     5
 Fire: Hunting sling     |    39 |    23 ||    62
 Cast: Beastly Appendage |    12 |       ||    12
Armor: Skin              |    10 |       ||    10
Dodge: Dodged            |    25 |     3 ||    28

Levels and vault maps discovered:
D:1:      elethiomel_arrival_quiet, layout_loops_corners,
          nicolae_figureground_sparkle
D:2:      layout_loops_cross, basic_altar,
          dreamdust_ecumenical_altar_drowned_temple, serial_shops, shop,
          uniq_natasha

Notes
Turn   | Place    | Note
-------+----------+-------------------------------------------
     0 | D:1      | zeratav the Octopode Transmuter began the quest for the
                  | Orb.
     0 | D:1      | Reached XP level 1. HP: 13/13 MP: 3/3
     0 | D:1      | magus.rc [v1.9.6]
   352 | D:1      | Reached XP level 2. HP: 18/18 MP: 3/5
   434 | D:1      | Reached skill level 1 in Stealth
  1171 | D:2      | Found a hazy altar of Hepliaklqana.
  1193 | D:2      | Reached XP level 3. HP: 23/23 MP: 6/6
  1372 | D:2      | Noticed Natasha
  1374 | D:2      | Killed Natasha
  1375 | D:2      | Reached skill level 2 in Stealth
  1375 | D:2      | Reached XP level 4. HP: 29/29 MP: 7/7
  1437 | D:2      | Found Retoch's Antique Weapon Shop.
  1477 | D:2      | Found a faded altar of an unknown god.
  1672 | D:2      | Reached skill level 2 in Fighting
  1757 | D:2      | Noticed Natasha
  1763 | D:2      | Killed Natasha
  1764 | D:2      | Reached skill level 4 in Unarmed Combat
  1796 | D:2      | Noticed Natasha
  1802 | D:2      | HP: 7/29 [Natasha/magic dart (9)]
  1804 | D:2      | Slain by Natasha

Vanquished Creatures
  Natasha (twice) (D:2)
  An adder (D:2)
  2 worms (D:2)
  A dart slug (D:2)
  3 bats (D:1)
  7 endoplasms
  2 giant cockroaches (D:1)
  4 goblins
  3 hobgoblins
  A ball python (D:2)
  3 frilled lizards
  A kobold (D:2)
  3 rats
  A spectral goblin (D:2)
34 creatures vanquished.

Table legend:
 A = Non-vault XP
 B = Vault XP
 C = Vault XP percentage of total XP
 D = Non-vault monster count
 E = Vault monster count
 F = Vault count percentage of total count
                 A         B        C        D         E       F
            +---------+---------+-------+---------+---------+-------
      Total |     108 |      38 |  26.0 |      32 |       2 |   5.9
            +---------+---------+-------+---------+---------+-------
        D:1 |      27 |       0 |   0.0 |      16 |       0 |   0.0
        D:2 |      81 |      38 |  31.9 |      16 |       2 |  11.1
            +---------+---------+-------+---------+---------+-------

Illustrated notes

Table legend:
 A = Kills in this place as a percentage of kills in entire the game.
 B = Kills by you in this place as a percentage of kills by you in the entire game.
 C = Kills by friends in this place as a percentage of kills by friends in the entire game.
 D = Other kills in this place as a percentage of other kills in the entire game.
 E = Experience gained in this place as a percentage of experience gained in the entire game.
 F = Experience gained in this place divided by the number of levels of this place that you have seen.
                   A       B       C       D       E      F
               +-------+-------+-------+-------+-------+----------------------
         Total | 100.0 | 100.0 |   N/A |   N/A | 100.0 |  73.0
       Dungeon | 100.0 | 100.0 |   N/A |   N/A | 100.0 |  73.0
               +-------+-------+-------+-------+-------+----------------------

Table legend: (Time is in decaauts)
 A = Elapsed time spent in this place.
 B = Non-inter-level travel time spent in this place.
 C = Inter-level travel time spent in this place.
 D = Time resting spent in this place.
 E = Time spent auto-exploring this place.
 F = Levels seen in this place.
 G = Mean time per level.
                   A        B        C        D        E       F      G
               +--------+--------+--------+--------+--------+-----+--------+
         Total |   1822 |   1730 |     92 |      0 |   1498 |   2 |  911.0 |
       Dungeon |   1822 |   1730 |     92 |      0 |   1498 |   2 |  911.0 |
               +--------+--------+--------+--------+--------+-----+--------+

Top non-repeatable levels by time:
     D:1: 1160 daAuts
     D:2: 662 daAuts
